 Dungeon Crawl Stone Soup version 0.21.1-1-g345015f (webtiles) character file.

49 VLARC the Caller (level 3, 0/24 HPs)
             Began as a Mummy Summoner on Feb 25, 2018.
             Slain by a jackal (2 damage)
             ... on level 3 of the Dungeon.
             The game lasted 00:03:25 (2634 turns).

VLARC the Caller (Mummy Summoner)                   Turns: 2634, Time: 00:03:26

Health: 0/24       AC:  2    Str: 11    XL:     3   Next: 53%
Magic:  5/7        EV: 12    Int: 15    God:
Gold:   69         SH:  0    Dex: 12    Spells: 3/7 levels left

rFire    x . .     SeeInvis .   c - +0 hand axe
rCold    + . .     Gourm    .   (no shield)
rNeg     + + +     Faith    .   a - +0 robe
rPois    ∞         Spirit   .   (no helmet)
rElec    .         Reflect  .   (no cloak)
rCorr    .         Harm     .   (no gloves)
MR       .....                  (no boots)
Stlth    ++........             (no amulet)
HPRegen  0.08/turn              (no ring)
MPRegen  0.10/turn              (no ring)

@: no status effects
A: no food or potions, fire vulnerability, cold resistance 1, negative energy
resistance 3, torment resistance, unbreathing
a: no special abilities


You were on level 3 of the Dungeon.
You were not hungry.

You visited 1 branch of the dungeon, and saw 3 of its levels.

You collected 69 gold pieces.

Inventory:

Hand Weapons
 c - a +0 hand axe (weapon)
Missiles
 e - 45 stones (quivered)
Armour
 a - a +0 robe (worn)
Jewellery
 i - an uncursed amulet of guardian spirit {unknown}
Scrolls
 d - a scroll of fear {unknown}
 f - a scroll of fog {unknown}
 g - a scroll of magic mapping {unknown}
 h - 3 scrolls of teleportation {unknown}
 j - 2 scrolls of identify {unknown}
 k - a scroll of enchant armour {unknown}
 l - a scroll of random uselessness {unknown}
 m - a scroll of amnesia {unknown}
 n - a scroll of remove curse {unknown}
Books
 b - a book of Callings

   Spells                             Type                      Level
   a - Summon Small Mammal            Summoning                    1
   b - Call Imp                       Summoning                    2
   c - Call Canine Familiar           Summoning                    3
   d - Summon Guardian Golem          Hexes/Summoning              3
   e - Summon Lightning Spire         Summoning/Air                4
   f - Summon Ice Beast               Ice/Summoning                4


   Skills:
 - Level 1.5 Dodging
 - Level 1.5 Stealth
 - Level 2.6 Spellcasting
 + Level 4.4 Summonings


You had 3 spell levels left.
You knew the following spells:

 Your Spells              Type           Power        Failure   Level  Hunger
a - Summon Small Mammal   Summ           ###.         3%          1    N/A
b - Call Canine Familiar  Summ           ###.....     10%         3    N/A

Dungeon Overview and Level Annotations

Branches:
Dungeon (3/15)

Altars:


Innate Abilities, Weirdness & Mutations

You do not eat or drink.
Your flesh is vulnerable to fire.
You are immune to poison.
Your flesh is cold resistant. (rC+)
You are immune to negative energy. (rN+++)
You are immune to unholy pain and torment.
You can survive without breathing.


Message History

* * * LOW HITPOINT WARNING * * *
Your hound closely misses the adder.
The adder barely misses you.
You barely miss the adder.
The adder is severely wounded.
Your hound bites the adder.
The adder dies!
Your hound misses the jackal.
Your hound bites the jackal.
You closely miss the jackal.
The jackal is heavily wounded.
You barely miss the jackal. The jackal bites you.
* * * LOW HITPOINT WARNING * * *
The jackal closely misses you.
Your hound barely misses the jackal.
The jackal barely misses you. The jackal bites you.
* * * LOW HITPOINT WARNING * * *
You hit the jackal.
The jackal is moderately wounded.
You hit the jackal but do no damage. Your hound misses the jackal.
The jackal barely misses you. The jackal bites you.
You die...

#....# #........
#.#.#..# #.../....
#......# #........
......##.# #########
###### #.# #.#
########†###########
#.......hh.........#
#......†h@.........#
#..................#
#..................#
#..................#
#..................#
#...............%..#
#####....##........#
#######........#
#........#


You could see 2 jackals and a friendly hound.

Vanquished Creatures
  A worm (D:2)
  A dart slug (D:2)
  A leopard gecko (D:1)
  3 giant cockroaches
  3 goblins
  2 hobgoblins
  2 kobolds
  A quokka (D:2)
  2 ball pythons
  5 bats
  4 frilled lizards
  4 rats
29 creatures vanquished.

Vanquished Creatures (collateral kills)
  An adder (D:3)
  A worm (D:2)
  A giant cockroach (D:1)
  2 hobgoblins
  2 bats (D:2)
  A frilled lizard (D:2)
  3 kobolds (D:2)
11 creatures vanquished.

Grand Total: 40 creatures vanquished

Notes
Turn   | Place    | Note
-------+----------+-------------------------------------------
     0 | D:1      | VLARC the Mummy Summoner began the quest for the Orb.
     0 | D:1      | Reached XP level 1. HP: 13/13 MP: 4/4
     6 | D:1      | Noticed a wolf
     6 | D:1      | Noticed a polar bear
     6 | D:1      | Noticed a salamander
     7 | D:1      | Noticed a crocodile
     7 | D:1      | Noticed a lindwurm
  1036 | D:1      | Reached XP level 2. HP: 19/19 MP: 5/5
  1642 | D:2      | Reached skill level 4 in Summonings
  1886 | D:2      | Reached XP level 3. HP: 24/24 MP: 7/7
  1891 | D:2      | Learned a level 3 spell: Call Canine Familiar
  2634 | D:3      | Slain by a jackal

Skill      XL: |  1  2 |
---------------+-------+-----
Summonings     | 4 |  4.4
Dodging        | |  1.5
Stealth        | |  1.5
Spellcasting   | |  2.6

Action                   || total
-------------------------++-------
Melee: Hand axe          ||   109
       Unarmed           ||    10
 Cast: Summon Small Mamm ||     5
       Call Canine Famil ||     6
 Stab: Sleeping          ||     2
Armor: Robe              ||    40
Dodge: Dodged            ||    99
